BSA
NEW YORK KNIGHTS @ BOSTON REBELS
08/28/2026
 
TOP OF THE 1ST
New York Knights batting - Pitching for Boston Rebels : LHP Luis Valentín
Pitching: LHP Luis Valentín
Batting: RHB José Aguilera 0-0: Called Strike
0-1: Ball
1-1: Ball
2-1: Ball
3-1: Reached on error, E5 (Groundball, 56)
Batting: RHB Pepe Carrasco 0-0: Ball
1-0: Ball
2-0: Grounds into double play, 1-6-3 (Groundball, 13)
Batting: LHB Troy Donaldson 0-0: Foul Ball, location: 2F
0-1: Ball
1-1: Ground out U3 (Groundball, 3)
Top of the 1st over - 0 run(s), 0 hit(s), 1 error(s), 0 left on base; New York 0 - Boston 0
BOTTOM OF THE 1ST
Boston Rebels batting - Pitching for New York Knights : RHP José Navarro
Pitching: RHP José Navarro
Batting: LHB Bill Wilson 0-0: Ball
1-0: Called Strike
1-1: Ground out 1-3 (Groundball, 15)
Batting: LHB Doyle Otterburn 0-0: Called Strike
0-1: Foul Ball, location: 2F
0-2: Reached on error, E4 (Groundball, 4MS)
Batting: LHB Stanley Mullins 0-0: Ball
1-0: Ball
2-0: Swinging Strike
2-1: Ball
3-1: Base on Balls
Doyle Otterburn to second
Batting: LHB Lorenzo Flores 0-0: Foul Ball, location: 2F
0-1: Ground out 4-3 (Groundball, 4M)
Doyle Otterburn to third
Stanley Mullins to second
Batting: LHB Tony Ramírez 0-0: Ball
1-0: Fly out, F9 (Flyball, 9LD)
Bottom of the 1st over - 0 run(s), 0 hit(s), 1 error(s), 2 left on base; New York 0 - Boston 0
TOP OF THE 2ND
New York Knights batting - Pitching for Boston Rebels : LHP Luis Valentín
Batting: SHB Marvin Harris 0-0: Ground out 6-3 (Groundball, 6S)
Batting: RHB Cheng-ho Qiao 0-0: Ball
1-0: Swinging Strike
1-1: Swinging Strike
1-2: Strikes out swinging
Batting: RHB Sixto Vélez 0-0: Ball
1-0: Ball
2-0: Ball
3-0: Called Strike
3-1: Base on Balls
Batting: RHB Lonnie Anderson 0-0: Swinging Strike
0-1: Ball
1-1: Called Strike
1-2: Foul Ball, location: 2F
1-2: Strikes out looking
Top of the 2nd over - 0 run(s), 0 hit(s), 0 error(s), 1 left on base; New York 0 - Boston 0
BOTTOM OF THE 2ND
Boston Rebels batting - Pitching for New York Knights : RHP José Navarro
Batting: RHB Salvador Gonzáles 0-0: Ball
1-0: Ball
2-0: DOUBLE (Line Drive, 89S)
Batting: LHB Jeff Gordon 0-0: Called Strike
0-1: Ball
1-1: Ball
2-1: Ground out 6-3 (Groundball, 6)
Batting: RHB Ronnie Brown 0-0: Ball
1-0: Ground out 4-3 (Groundball, 4)
Salvador Gonzáles to third
Batting: RHB Rubén Matos 0-0: Ball
1-0: Ball
2-0: Called Strike
2-1: Called Strike
2-2: Ground out 4-3 (Groundball, 4)
Bottom of the 2nd over - 0 run(s), 1 hit(s), 0 error(s), 1 left on base; New York 0 - Boston 0
TOP OF THE 3RD
New York Knights batting - Pitching for Boston Rebels : LHP Luis Valentín
Batting: RHB Andrew Good 0-0: Swinging Strike
0-1: Called Strike
0-2: Ground out 6-3 (Groundball, 6S)
Batting: LHB Pablo Rivas 0-0: Called Strike
0-1: Ground out 5-3 (Groundball, 15S)
Batting: RHB José Aguilera 0-0: Ball
1-0: Foul Ball, location: 2F
1-1: Called Strike
1-2: Foul Ball, location: 2F
1-2: Foul Ball, location: 2F
1-2: Foul Ball, location: 2F
1-2: Foul Ball, location: 2F
1-2: Strikes out swinging
Top of the 3rd over - 0 run(s), 0 hit(s), 0 error(s), 0 left on base; New York 0 - Boston 0
BOTTOM OF THE 3RD
Boston Rebels batting - Pitching for New York Knights : RHP José Navarro
Batting: LHB Bill Wilson 0-0: Called Strike
0-1: SINGLE (Line Drive, 6M)
Batting: LHB Doyle Otterburn 0-0: Ball
1-0: Foul Ball, location: 2F
1-1: SINGLE (Groundball, 34)
Bill Wilson to second
Runner from 2nd tries for 3rd, SAFE, no throw or cutoff
Batting: LHB Stanley Mullins 0-0: Called Strike
0-1: Ball
1-1: Swinging Strike
1-2: Foul Ball, location: 2F
1-2: Ball
2-2: Ball
3-2: Base on Balls
Doyle Otterburn to second
Batting: LHB Lorenzo Flores 0-0: Called Strike
0-1: Fly out, F9 (Flyball, 89S)
Batting: LHB Tony Ramírez 0-0: Hit by Pitch
Bill Wilson scores
Doyle Otterburn to third
Stanley Mullins to second
Batting: RHB Salvador Gonzáles 0-0: Ball
1-0: Grounds into double play, 4-6-3 (Groundball, 4)
Bottom of the 3rd over - 1 run(s), 2 hit(s), 0 error(s), 2 left on base; New York 0 - Boston 1
TOP OF THE 4TH
New York Knights batting - Pitching for Boston Rebels : LHP Luis Valentín
Batting: RHB Pepe Carrasco 0-0: Called Strike
0-1: Ball
1-1: Ball
2-1: Swinging Strike
2-2: Ball
3-2: SINGLE (Groundball, 56D) (infield hit)
Batting: LHB Troy Donaldson 0-0: Called Strike
0-1: Ball
1-1: Fly out, F7 (Flyball, 7M)
Batting: SHB Marvin Harris 0-0: Swinging Strike
0-1: Ball
1-1: DOUBLE (Line Drive, 78XD)
Pepe Carrasco to third
Batting: RHB Cheng-ho Qiao 0-0: Ball
1-0: Ball
2-0: Foul Ball, location: 2F
2-1: Ball
3-1: Base on Balls
Batting: RHB Sixto Vélez 0-0: Ball
1-0: Fly out, F7 (Flyball, 78M)
Batting: RHB Lonnie Anderson 0-0: Ball
1-0: Swinging Strike
1-1: Fly out, F9 (Flyball, 9LM)
Top of the 4th over - 0 run(s), 2 hit(s), 0 error(s), 3 left on base; New York 0 - Boston 1
BOTTOM OF THE 4TH
Boston Rebels batting - Pitching for New York Knights : RHP José Navarro
Batting: LHB Jeff Gordon 0-0: Called Strike
0-1: Called Strike
0-2: Ball
1-2: Ball
2-2: Ground out 4-3 (Groundball, 4)
Batting: RHB Ronnie Brown 0-0: Called Strike
0-1: Foul Ball, location: 2F
0-2: SINGLE (Flyball, 9S)
Batting: RHB Rubén Matos 0-0: Foul Ball, location: 2F
0-1: Ball
Ronnie Brown steals 2nd base
1-1: SINGLE (Line Drive, 89M)
Ronnie Brown to third
Runner from 3rd tries for Home, SAFE, throw made home
Batting: LHB Bill Wilson Pickoff Throw to First - Out!
0-0: Ball
1-0: Called Strike
1-1: Bunt for hit - play at first, batter OUT! 1-3
Bottom of the 4th over - 1 run(s), 2 hit(s), 0 error(s), 0 left on base; New York 0 - Boston 2
TOP OF THE 5TH
New York Knights batting - Pitching for Boston Rebels : LHP Luis Valentín
Batting: RHB Andrew Good 0-0: Ball
1-0: Reached on error, E6 (Groundball, 6)
Batting: LHB Pablo Rivas 0-0: SINGLE (Line Drive, 89S)
Andrew Good to third
Batting: RHB José Aguilera 0-0: Ball
1-0: Foul Ball, location: 2F
1-1: Foul Ball, location: 2F
1-2: SINGLE (Groundball, 23) (infield hit)
Pablo Rivas to second
Batting: RHB Pepe Carrasco 0-0: Ball
1-0: Called Strike
1-1: Fly out, F7 (Flyball, 78M)
Runner from 3rd tags up, SCORES, throw made
Batting: LHB Troy Donaldson 0-0: Called Strike
0-1: Ball
1-1: Swinging Strike
1-2: Ball
2-2: Ball
3-2: Strikes out swinging
Batting: SHB Marvin Harris 0-0: Fly out, F6 (Popup, 6)
Top of the 5th over - 1 run(s), 2 hit(s), 1 error(s), 2 left on base; New York 1 - Boston 2
BOTTOM OF THE 5TH
Boston Rebels batting - Pitching for New York Knights : RHP José Navarro
Batting: LHB Doyle Otterburn 0-0: Called Strike
0-1: DOUBLE (Line Drive, 9LS)
Batting: LHB Stanley Mullins 0-0: Ball
1-0: Ground out 1-3 (Groundball, 13S)
Doyle Otterburn to third
Batting: LHB Lorenzo Flores 0-0: Called Strike
0-1: Ball
1-1: Called Strike
1-2: Foul Ball, location: 2F
1-2: SINGLE (Groundball, 4MD)
Doyle Otterburn scores
Batting: LHB Tony Ramírez 0-0: Ball
1-0: Ball
2-0: Ball
3-0: Swinging Strike
3-1: Grounds into double play, 5-4-3 (Groundball, 5)
Bottom of the 5th over - 1 run(s), 2 hit(s), 0 error(s), 0 left on base; New York 1 - Boston 3
TOP OF THE 6TH
New York Knights batting - Pitching for Boston Rebels : LHP Luis Valentín
Batting: RHB Cheng-ho Qiao 0-0: Ball
1-0: Called Strike
1-1: Swinging Strike
1-2: Ball
2-2: Foul Ball, location: 2F
2-2: Ball
3-2: Strikes out swinging
Batting: RHB Sixto Vélez 0-0: Ball
1-0: Called Strike
1-1: Ball
2-1: Foul Ball, location: 2F
2-2: Foul Ball, location: 2F
2-2: Ball
3-2: Foul Ball, location: 2F
3-2: Strikes out swinging
Batting: RHB Lonnie Anderson 0-0: Ball
1-0: Called Strike
1-1: Foul Ball, location: 2F
1-2: Strikes out swinging
Top of the 6th over - 0 run(s), 0 hit(s), 0 error(s), 0 left on base; New York 1 - Boston 3
BOTTOM OF THE 6TH
Boston Rebels batting - Pitching for New York Knights : RHP José Navarro
Batting: RHB Salvador Gonzáles 0-0: Ball
1-0: Swinging Strike
1-1: Foul Ball, location: 2F
1-2: Ground out U3 (Groundball, 3)
Batting: LHB Jeff Gordon 0-0: SINGLE (Line Drive, 9S)
Batting: RHB Ronnie Brown 0-0: Ball
1-0: Ball
2-0: Fly out, F9 (Popup, 34D)
Batting: RHB Rubén Matos 0-0: Called Strike
0-1: Fly out, F3 (Popup, 3)
Bottom of the 6th over - 0 run(s), 1 hit(s), 0 error(s), 1 left on base; New York 1 - Boston 3
TOP OF THE 7TH
New York Knights batting - Pitching for Boston Rebels : LHP Luis Valentín
Pitching: RHP Carlos Ruíz
Batting: RHB Andrew Good 0-0: Called Strike
0-1: Swinging Strike
0-2: Ball
1-2: Fly out, F3 (Popup, 3DF)
Batting: LHB Pablo Rivas 0-0: Fly out, F8 (Flyball, 8RXD)
Batting: RHB José Aguilera 0-0: Foul Ball, location: 2F
0-1: Fly out, F9 (Flyball, 9LD)
Top of the 7th over - 0 run(s), 0 hit(s), 0 error(s), 0 left on base; New York 1 - Boston 3
BOTTOM OF THE 7TH
Boston Rebels batting - Pitching for New York Knights : RHP José Navarro
Batting: LHB Bill Wilson 0-0: Ball
1-0: Ball
2-0: Ball
3-0: Called Strike
3-1: Called Strike
3-2: Fly out, F7 (Flyball, 7LS)
Batting: LHB Doyle Otterburn 0-0: Ball
1-0: Fly out, F4 (Popup, 4MD)
Batting: LHB Stanley Mullins 0-0: Swinging Strike
0-1: Ball
1-1: Called Strike
1-2: Ball
2-2: Ball
3-2: Base on Balls
Batting: LHB Lorenzo Flores 0-0: Foul Ball, location: 2F
0-1: Ball
1-1: Called Strike
1-2: Strikes out looking
Bottom of the 7th over - 0 run(s), 0 hit(s), 0 error(s), 1 left on base; New York 1 - Boston 3
TOP OF THE 8TH
New York Knights batting - Pitching for Boston Rebels : RHP Carlos Ruíz
Batting: RHB Pepe Carrasco 0-0: Ball
1-0: Foul Ball, location: 2F
1-1: SOLO HOME RUN (Flyball, 89XD), Distance : 441 ft
Pitching: RHP Alberto Bonilla
Batting: LHB Troy Donaldson 0-0: Ball
1-0: Called Strike
1-1: Called Strike
1-2: SINGLE (Line Drive, 56)
Batting: SHB Marvin Harris 0-0: Called Strike
0-1: Called Strike
0-2: Ball
1-2: Ball
2-2: SINGLE (Line Drive, 56D)
Troy Donaldson to second
Batting: RHB Cheng-ho Qiao 0-0: Ball
1-0: Called Strike
1-1: Foul Ball, location: 2F
1-2: Foul Ball, location: 2F
1-2: DOUBLE (Line Drive, 89D)
Troy Donaldson scores
Marvin Harris to third
Batting: RHB Sixto Vélez 0-0: Called Strike
0-1: Foul Ball, location: 2F
0-2: Ball
1-2: Ground out 4-3 (Groundball, 4)
Batting: RHB Lonnie Anderson 0-0: SINGLE (Groundball, 56)
Marvin Harris scores
Cheng-ho Qiao to third
Runner from 3rd tries for Home, SAFE, no throw or cutoff
Pitching: RHP Dorian Hoskins
Batting: RHB Andrew Good 0-0: Ball
1-0: Grounds into double play, 5-4-3 (Groundball, 56)
Top of the 8th over - 4 run(s), 5 hit(s), 0 error(s), 0 left on base; New York 5 - Boston 3
BOTTOM OF THE 8TH
Boston Rebels batting - Pitching for New York Knights : RHP José Navarro
Pitching: RHP António Sánchez
Batting: LHB Tony Ramírez 0-0: Ball
1-0: Ball
2-0: Ground out 6-3 (Groundball, 6M)
Batting: RHB Salvador Gonzáles 0-0: Ball
1-0: Ball
2-0: Called Strike
2-1: Foul Ball, location: 2F
2-2: Ground out 6-3 (Groundball, 6M)
Batting: LHB Jeff Gordon 0-0: Ground out 6-3 (Groundball, 56)
Bottom of the 8th over - 0 run(s), 0 hit(s), 0 error(s), 0 left on base; New York 5 - Boston 3
TOP OF THE 9TH
New York Knights batting - Pitching for Boston Rebels : RHP Dorian Hoskins
Batting: LHB Pablo Rivas 0-0: Called Strike
0-1: Fly out, F6 (Popup, 6MD)
Batting: RHB José Aguilera 0-0: Ball
1-0: Called Strike
1-1: Swinging Strike
1-2: Ball
2-2: Strikes out looking
Batting: RHB Pepe Carrasco 0-0: Ball
1-0: SINGLE (Line Drive, 6D)
Batting: LHB Troy Donaldson 0-0: Ball
1-0: Swinging Strike
1-1: Swinging Strike
1-2: Strikes out looking
Top of the 9th over - 0 run(s), 1 hit(s), 0 error(s), 1 left on base; New York 5 - Boston 3
BOTTOM OF THE 9TH
Boston Rebels batting - Pitching for New York Knights : RHP António Sánchez
Pitching: RHP Paco Ruíz
Batting: RHB Ronnie Brown 0-0: Called Strike
0-1: Ball
1-1: Called Strike
1-2: Ground out 6-3 (Groundball, 6M)
Batting: RHB Rubén Matos 0-0: Ball
1-0: Ball
2-0: Foul Ball, location: 2F
2-1: Ball
3-1: Called Strike
3-2: Foul Ball, location: 2F
3-2: Fly out, F8 (Flyball, 8RM)
Batting: LHB Bill Wilson 0-0: Ball
1-0: SINGLE (Groundball, 5S)
Batting: LHB Doyle Otterburn 0-0: Ball
Passed Ball!
Bill Wilson to second
1-0: Ball
2-0: Foul Ball, location: 2F
2-1: Ball
3-1: Called Strike
Reached via error on a dropped throw, E1
Bill Wilson to third
Batting: LHB Stanley Mullins 0-0: Ball
1-0: Ball
2-0: Ball
3-0: Called Strike
3-1: Fly out, F7 (Line Drive, 7D)
Bottom of the 9th over - 0 run(s), 1 hit(s), 1 error(s), 2 left on base; New York 5 - Boston 3
Monday, December 5th, 2016 - OOTP Baseball 17.12 Build 75